 Dungeon Crawl Stone Soup version 0.25-a0-1024-gbfbf38f2cb (webtiles) character file.

Game seed: 8599232497434081980, levelgen mode: classic

26069 Amnesiac the Ogre Mage (level 13, -3/131 HPs)
             Began as an Ogre Enchanter on May 13, 2020.
             Was an Initiate of Gozag.
             Killed from afar by an orc sorcerer (31 damage)
             ... with a bolt of fire
             ... led by an orc warlord
             ... on level 2 of the Orcish Mines.
             The game lasted 00:52:21 (19527 turns).

Amnesiac the Ogre Mage (Ogre Enchanter)            Turns: 19527, Time: 00:52:22

Health: -3/131     AC:  4    Str: 15    XL:     13   Next: 23%
Magic:  19/27      EV: 13    Int: 17    God:    Gozag
Gold:   3604       SH:  0    Dex: 12    Spells: 23/32 levels left

rFire    . . .     SeeInvis +   a - +1 dagger (protect)
rCold    + . .     Gourm    .   (no shield)
rNeg     . . .     Faith    .   f - +1 robe {rC+}
rPois    .         Spirit   .   F - +0 mask of the Dragon {MR+ Slay+3 SInv}
rElec    .         Reflect  .   (no cloak)
rCorr    .         Harm     .   (gloves unavailable)
MR       ++...                  (boots unavailable)
Stlth    ++++......             r - amulet of rage
HPRegen  0.31/turn              m - ring of ice
MPRegen  0.20/turn              k - ring of fire

@: no status effects
A: large, unfitting armour, tough skin 1
a: Potion Petition, Call Merchant, Bribe Branch, Renounce Religion, Evoke
Berserk Rage


You were on level 2 of the Orcish Mines.
You worshipped Gozag.
Gozag was most pleased with you.
You were full.

You visited 2 branches of the dungeon, and saw 11 of its levels.

You collected 3841 gold pieces.
You spent 188 gold pieces at shops.
You paid 49 gold pieces to Gozag.

Inventory:

Hand Weapons
 a - a +1 dagger of protection (weapon)
 b - a +2 dagger of distortion
 E - a +0 giant club
Missiles
 c - 29 poisoned darts (quivered)
Armour
 f - a +1 robe of cold resistance (worn)
 F - the +0 mask of the Dragon (worn) {MR+ Slay+3 SInv}
   (You found it on level 6 of the Dungeon)

   It affects your accuracy and damage with ranged weapons and melee attacks
   (+3).
   It affects your resistance to hostile enchantments.
   It lets you see invisible.
Magical Staves
 D - an uncursed staff of poison
Jewellery
 g - an uncursed ring of protection from cold
 k - a ring of fire (right hand)
 l - an uncursed ring of teleportation
 m - a ring of ice (left hand)
 r - an amulet of rage (around neck)
 L - the ring of Rotsowi {MP+9 Str+3 Slay-3 Stlth+}
   (You found it on level 9 of the Dungeon)

   [ring of slaying]

   It affects your strength (+3).
   It affects your accuracy and damage with ranged weapons and melee attacks
   (-3).
   It affects your magic capacity (+9).
   It makes you more stealthy.
Wands
 v - a wand of digging (4)
 A - a wand of disintegration (10)
 G - a wand of iceblast (7)
 J - a wand of polymorph (5)
Scrolls
 e - a scroll of amnesia {!r}
 n - 4 scrolls of remove curse {!r}
 o - a scroll of magic mapping {!r}
 q - 2 scrolls of fog {!r}
 I - 2 scrolls of identify {!r}
 N - a scroll of enchant armour {!r}
Potions
 h - 2 potions of stabbing {!q}
 j - 3 potions of flight {!q}
 s - a potion of invisibility {!q}
 u - a potion of berserk rage {!q}
 x - 3 potions of curing {!q}
 z - a potion of resistance {!q}
 K - 2 potions of might {!q}
Comestibles
 d - 9 rations


   Skills:
 + Level 9.5 Fighting
 - Level 8.0 Short Blades
 + Level 6.9 Dodging
 + Level 9.6 Stealth
 - Level 10.0 Spellcasting
 + Level 9.7 Hexes
 - Level 3.0 Evocations


You had 23 spell levels left.
You knew the following spells:

 Your Spells              Type           Power        Failure   Level  Hunger
a - Ensorcelled Hibernat  Hex/Ice        #####.       1%          2    None
b - Corona                Hex            #####..      1%          1    None
w - Tukima's Dance        Hex            #####...     1%          3    None
z - Confusing Touch       Hex            #####...     1%          3    None

Your spell library contained the following spells:

 Spells                   Type           Power        Failure   Level  Hunger
 Dazzling Flash           Conj/Hex       ####..       3%          3    None
 Gell's Gravitas          Tloc           #.........   26%         3    None
 Metabolic Englaciation   Hex/Ice        #####.....   32%         5    #####..
 Yara's Violent Unravell  Hex/Tmut       ####......   32%         5    #####..
 Petrify                  Tmut/Erth      #.......     63%         4    ###....


Dungeon Overview and Level Annotations

Branches:
Dungeon (9/15)             Temple (0/1) D:7            Lair (0/6) D:9
    Orc (2/2) D:9             Elf (0/3) Orc:2

Altars:
Ashenzari
Dithmenos
Elyvilon
Fedhas
Gozag
Kikubaaqudgha
Makhleb
Nemelex Xobeh
Okawaru
Qazlal
Sif Muna
Vehumet
Xom
Zin
The Shining One
Beogh

Shops:
D:9 *   Orc:2 =

Annotations:
Orc:1 Jorgrun


Innate Abilities, Weirdness & Mutations

You are too large for most types of armour.
You have tough skin. (AC +1)


Message History

Aim: an orc sorcerer, wearing a +0 robe (strong, chance to defeat MR: 48%)
Okay, then.
Unknown command.
Casting: Ensorcelled Hibernation (safe; 1% risk of failure)
Confirm with . or Enter, or press ? or * to list all spells.
Aiming: Ensorcelled Hibernation (safe; 1% risk of failure)
Press: ? - help, Shift-Dir - straight line, f/p - orc sorcerer
Aim: an orc sorcerer, wearing a +0 robe (strong, chance to defeat MR: 48%)
You feel a surge of power!
The orc sorcerer resists with some effort.
The orc warlord hits you!!
The orc sorcerer hits you but does no damage.
Unknown command.
The orc warlord hits you!! The orc warlord hits you!
Casting: Ensorcelled Hibernation (safe; 1% risk of failure)
Confirm with . or Enter, or press ? or * to list all spells.
Aiming: Ensorcelled Hibernation (safe; 1% risk of failure)
Press: ? - help, Shift-Dir - straight line, f/p - orc sorcerer
Aim: an orc sorcerer, wearing a +0 robe (lightly wounded, strong, chance to defeat MR: 48%)
You feel a surge of power!
The orc warlord is unaffected.
The orc sorcerer no longer looks unusually strong.
The orc warlord closely misses you.
Casting: Ensorcelled Hibernation (safe; 1% risk of failure)
Confirm with . or Enter, or press ? or * to list all spells.
Aiming: Ensorcelled Hibernation (safe; 1% risk of failure)
Press: ? - help, Shift-Dir - straight line, f/p - orc sorcerer
Aim: an orc sorcerer, wearing a +0 robe (lightly wounded, chance to defeat MR: 48%)
You feel a surge of power!
The orc warlord is unaffected.
The orc warlord closely misses you. The orc sorcerer barely misses you.
You barely miss the orc warlord.
The orc warlord is heavily wounded.
The orc warlord hits you!!
* * * LOW HITPOINT WARNING * * *
You completely miss the orc warlord.
The orc warlord is heavily wounded.
The orc sorcerer casts a spell at you. The bolt of fire hits you!!
* * * LOW HITPOINT WARNING * * *
Unknown command.
Okay, then.
Okay, then.
Unknown command.
Press: ? - help, v - describe, . - travel
Here: an orc sorcerer, wearing a +0 robe (lightly wounded)
The floor.
Unknown command.
Okay, then.
Unknown command.
Really read
y - a scroll of teleportation {!r}?
As you read the scroll of teleportation {!r}, it crumbles to dust.
You feel strangely unstable.
The orc warlord roars a battlecry!
The orc sorcerer goes into a battle-frenzy!
The orc sorcerer barely misses you.
Your surroundings seem slightly different.
Really read
H - a scroll of summoning {!r}?
As you read the scroll of summoning {!r}, it crumbles to dust.
Wisps of shadow whirl around you...
The orc sorcerer points at you and mumbles some strange words.
The bolt of fire hits your orc warrior!!
The bolt of fire hits you!!
You die...
Your body crumbles into a pile of gold.

##..................#...
#...................#...
##...#..............#...
#.....#.............#...
#.....................
##.........#...........
###.....o..........#..
##ยง...............#..
#..oo@o#..........#
##.oo.............#
##.o..............#
#.(o...o..........#
##..o.............#
#.................##
##.................o###
##......................
#.........#...^.........


You could see an orc warlord, an orc sorcerer (strong), a friendly orc sorcerer
(summoned), 2 friendly orc warriors, a friendly +0 dagger, a friendly orc wizard
(summoned, wandering) and 4 friendly orcs.

Vanquished Creatures
  The ghost of p0werm0de the Blocker, a journeyman OpFi of Ru (D:9)
  12 two-headed ogres
  3 ogre magi
  2 orc high priests
  2 orc knights (Orc:1)
  A cyclops (Orc:2)
  2 trolls
  A hippogriff (D:9)
  Sigmund (D:2)
  12 yaks
  6 humans (D:7)
  2 hungry ghosts (D:9)
  Menkaure (D:7)
  5 wargs
  A dancing weapon (D:4)
  Edmund (D:7)
  16 orc warriors
  A swamp drake (D:9)
  An ice beast (D:5)
  A sky beast (D:9)
  28 ogres
  3 centaurs (D:5)
  A big kobold (D:9)
  A gnoll sergeant (D:7)
  5 bullfrogs
  2 scorpions
  4 howler monkeys
  A crimson imp (D:4)
  A bullfrog zombie (D:5)
  A centaur zombie (D:9)
  9 orc priests
  3 jellies
  2 bullfrog skeletons
  2 centaur skeletons
  7 hounds
  5 iguanas
  15 orc wizards
  Ijyb (D:7)
  8 worker ants
  2 hound skeletons
  A howler monkey zombie (D:4)
  10 gnolls
  8 adders
  A shadow imp (D:5)
  An ooze (D:1)
  An adder zombie (D:6)
  2 adder skeletons (D:4)
  2 worms
  7 dart slugs
  4 leopard geckos
  54 orcs
  A ball python (D:4)
  4 bats
  3 bat zombies (D:2)
  7 giant cockroaches
  6 goblins
  7 hobgoblins
  8 jackals
  16 kobolds
  5 quokkas
  7 frilled lizards
  A jackal skeleton (D:9)
  3 leopard gecko skeletons
  A quokka skeleton (D:4)
  6 rats
  2 rat zombies (D:2)
341 creatures vanquished.

Vanquished Creatures (collateral kills)
  An ogre mage (Orc:2)
  3 two-headed ogres (Orc:2)
  An orc warrior (Orc:2)
  4 ogres
  An orc priest (D:8)
  2 orc wizards
  An adder (D:5)
  An adder zombie (D:8)
  An orc (Orc:2)
  A jackal (D:5)
16 creatures vanquished.

Vanquished Creatures (others)
  15 dancing weapons
  An orc (D:9)
16 creatures vanquished.

Grand Total: 373 creatures vanquished

Notes
Turn   | Place    | Note
-------+----------+-------------------------------------------
     0 | D:1      | Amnesiac the Ogre Enchanter began the quest for the Orb.
     0 | D:1      | Reached XP level 1. HP: 16/16 MP: 3/3
   308 | D:2      | Reached skill level 1 in Short Blades
   364 | D:1      | Reached XP level 2. HP: 19/24 MP: 5/5
   372 | D:1      | Learned a level 2 spell: Ensorcelled Hibernation
   662 | D:1      | Reached XP level 3. HP: 13/31 MP: 7/7
   899 | D:1      | Learned a level 3 spell: Confusing Touch
  1053 | D:1      | Reached skill level 3 in Spellcasting
  1590 | D:2      | Found a stormy altar of Qazlal.
  1627 | D:2      | Reached XP level 4. HP: 6/39 MP: 5/8
  1914 | D:2      | Learned a level 3 spell: Tukima's Dance
  2017 | D:2      | Noticed Sigmund
  2054 | D:2      | Killed Sigmund
  2054 | D:2      | Reached skill level 4 in Spellcasting
  2054 | D:2      | Reached XP level 5. HP: 23/45 MP: 2/11
  2521 | D:2      | Reached XP level 6. HP: 53/53 MP: 12/12
  2524 | D:2      | Found an opulent altar of Gozag.
  2525 | D:2      | Found a glowing silver altar of Zin.
  2645 | D:2      | Found an ancient bone altar of Kikubaaqudgha.
  2858 | D:3      | You fall into a shaft and drop 1 floor!
  3509 | D:3      | Reached skill level 5 in Hexes
  3550 | D:3      | Found a blossoming altar of Fedhas.
  3589 | D:3      | Found an opulent altar of Gozag.
  3608 | D:3      | Became a worshipper of Gozag Ym Sagoz the Greedy
  3733 | D:3      | Found a white marble altar of Elyvilon.
  3753 | D:3      | Reached skill level 1 in Evocations
  3851 | D:3      | Found a shadowy altar of Dithmenos.
  4315 | D:4      | Reached XP level 7. HP: 34/59 MP: 10/14
  4571 | D:5      | Entered Level 5 of the Dungeon
  4636 | D:3      | Found a faded altar of an unknown god.
  5382 | D:4      | Reached skill level 5 in Spellcasting
  6517 | D:5      | Found a sparkling altar of Nemelex Xobeh.
  6545 | D:5      | Reached XP level 8. HP: 63/67 MP: 4/16
  7461 | D:5      | Found an iron altar of Okawaru.
  8312 | D:5      | Reached skill level 6 in Spellcasting
  9650 | D:6      | Found the +0 mask of the Dragon {MR+ Slay+3 SInv}
  9686 | D:6      | Reached XP level 9. HP: 47/74 MP: 10/18
  9800 | D:6      | Found a shattered altar of Ashenzari.
 10279 | D:7      | Noticed Menkaure
 10286 | D:7      | Found a staircase to the Ecumenical Temple.
 10292 | D:7      | Killed Menkaure
 10531 | D:7      | Reached skill level 5 in Short Blades
 10701 | D:7      | Found a runed translucent door.
 10898 | D:7      | Found a runed translucent door.
 10898 | D:7      | Found a runed translucent door.
 11218 | D:7      | Found a runed translucent door.
 11237 | D:7      | Found a runed translucent door.
 11347 | D:7      | Found a runed translucent door.
 11354 | D:7      | Found a runed translucent door.
 11360 | D:7      | Noticed Ijyb
 11362 | D:7      | Noticed Edmund
 11388 | D:7      | Reached skill level 5 in Stealth
 11519 | D:7      | Reached XP level 10. HP: 77/81 MP: 16/19
 11527 | D:7      | Killed Ijyb
 11555 | D:7      | Killed Edmund
 11579 | D:7      | Found a runed translucent door.
 11961 | D:8      | Found a glowing golden altar of the Shining One.
 12428 | D:8      | Found a radiant altar of Vehumet.
 12430 | D:8      | Noticed a two-headed ogre
 12456 | D:8      | Killed a two-headed ogre
 13102 | D:8      | Found a shimmering blue altar of Sif Muna.
 13308 | D:9      | Found a runed translucent door.
 13308 | D:9      | Found a shimmering altar of Xom.
 13308 | D:9      | Noticed p0werm0de's ghost (journeyman OpFi)
 13308 | D:9      | Noticed a +2 morningstar of chaos
 13314 | D:9      | Killed a +2 morningstar of chaos
 13314 | D:9      | Reached skill level 1 in Fighting
 13330 | D:9      | Killed p0werm0de's ghost
 13330 | D:9      | Reached XP level 11. HP: 27/97 MP: 20/20
 13341 | D:9      | Got a glittering pewter ring
 13343 | D:9      | Identified the cursed ring of Rotsowi {MP+9 Str+3 Slay-3
                  | Stlth+} (You found it on level 9 of the Dungeon)
 13655 | D:9      | Reached skill level 7 in Spellcasting
 13678 | D:9      | Found Fiomeotz's General Store.
 13726 | D:9      | Bought a potion of heal wounds for 65 gold pieces
 13726 | D:9      | Bought a scroll of enchant armour for 97 gold pieces
 13726 | D:9      | Bought a scroll of identify for 26 gold pieces
 13867 | D:9      | Noticed a two-headed ogre
 13869 | D:9      | Killed a two-headed ogre
 14081 | D:9      | Found a staircase to the Lair.
 14171 | D:9      | Reached skill level 5 in Fighting
 14432 | D:9      | Found a staircase to the Orcish Mines.
 14642 | Orc:1    | Entered Level 1 of the Orcish Mines
 14688 | Orc:1    | Found a burning altar of Makhleb.
 14777 | Orc:1    | Noticed an orc knight
 14806 | Orc:1    | Killed an orc knight
 14851 | Orc:1    | Found a roughly hewn altar of Beogh.
 14851 | Orc:1    | Noticed an orc high priest
 14879 | Orc:1    | Noticed a sun demon
 14891 | Orc:2    | Entered Level 2 of the Orcish Mines
 14891 | Orc:2    | Noticed an orc knight
 15313 | Orc:2    | Found a staircase to the Elven Halls.
 15313 | Orc:2    | Noticed a two-headed ogre
 15313 | Orc:2    | Noticed an orc warlord
 15313 | Orc:2    | Noticed an orc sorcerer
 15413 | Orc:2    | Noticed an orc high priest
 15437 | Orc:2    | Killed an orc high priest
 15443 | Orc:2    | Reached skill level 8 in Spellcasting
 15445 | Orc:2    | HP: 5/105 [orc/+0 dagger[an orc high priest] (5)]
 15452 | Orc:2    | HP: 5/105 [orc/+0 dagger[an orc high priest] (1)]
 15597 | Orc:2    | Noticed a cyclops
 15616 | Orc:2    | Killed a cyclops
 15989 | Orc:2    | Found Bohioz's Jewellery Shop.
 16196 | Orc:1    | Killed an orc high priest
 16196 | Orc:1    | Reached XP level 12. HP: 40/115 MP: 20/24
 16535 | Orc:1    | Noticed Jorgrun
 16655 | Orc:2    | Noticed an ogre mage
 16658 | Orc:2    | Noticed a two-headed ogre
 16671 | Orc:1    | Killed an ogre mage
 16671 | Orc:1    | Reached skill level 5 in Dodging
 16940 | Orc:2    | Killed a two-headed ogre
 17023 | Orc:2    | Noticed a two-headed ogre
 17032 | Orc:2    | Killed a two-headed ogre
 17105 | Orc:2    | Noticed a two-headed ogre
 17115 | Orc:2    | Killed a two-headed ogre
 17139 | Orc:2    | Noticed an ogre mage
 17159 | Orc:2    | Noticed a two-headed ogre
 17165 | Orc:2    | Killed an ogre mage
 17246 | Orc:2    | Noticed a two-headed ogre
 17284 | Orc:2    | Killed a two-headed ogre
 17307 | Orc:2    | Killed a two-headed ogre
 17307 | Orc:2    | Reached skill level 9 in Spellcasting
 17455 | Orc:2    | Noticed a two-headed ogre
 17464 | Orc:2    | Killed a two-headed ogre
 17654 | Orc:2    | Noticed a two-headed ogre
 17705 | Orc:2    | Killed a two-headed ogre
 17720 | Orc:2    | Noticed a two-headed ogre
 17729 | Orc:2    | Killed a two-headed ogre
 17839 | Orc:2    | Noticed a two-headed ogre
 17842 | Orc:2    | Noticed an ogre mage
 17845 | Orc:2    | Noticed a two-headed ogre
 17845 | Orc:2    | Killed a two-headed ogre
 17876 | Orc:2    | Killed a two-headed ogre
 17878 | Orc:2    | Killed an ogre mage
 18067 | Orc:2    | Noticed an ogre mage
 18117 | Orc:2    | Killed an ogre mage
 18117 | Orc:2    | Reached XP level 13. HP: 79/131 MP: 7/26
 19044 | Orc:2    | Reached skill level 10 in Spellcasting
 19527 | Orc:2    | Killed from afar by an orc sorcerer

Illustrated notes

Levels and vault maps discovered:
D:1:      dpeg_arrival_central, layout_loops_ring, minmay_vboxes
D:2:      layout_basic, grunt_temple_overflow_gold_and_silver,
          lemuel_zombie_altar_kikubaaqudgha, overflow_temple_1_default,
          uniq_sigmund
D:3:      layout_basic, old_standard_altar, nicolae_dithmenos_shadow_blocks,
          lemuel_round_altar, chequers_ecumenical_altar_simple_redux,
          first_ration, serial_bayou_pond_d,
          nicolae_gozag_cash_rules_everything_around_me
D:4:      layout_loops_ring
D:5:      minmay_octagon_keep, layout_basic, kennysheep_mini,
          nemelex_xobeh_ov_fountains_minmay, kennysheep_nub, minmay_pentangle
D:6:      layout_basic, ashenzari_altar_1
D:7:      erik_cavepeople, layout_basic, minmay_temple_entry_wispy,
          uniq_menkaure
D:8:      layout_layer_cave, tso_oasis_becter, vehumet_crystals, led_sif_pool,
          roderic_lattice_a
D:9:      layout_roguey, lair_entry_dummy, erik_orc_1, ebering_ghost_xom,
          serial_shops, shop
Orc:1:    layout_diamond_mine, basic_altar, kennysheep_orc_chapel, uniq_jorgrun
Orc:2:    st_orc_ogre_mass, layout_caves, serial_shops, nicolae_shop_trees

Skill      XL: |  1  2  3  4  5  6  7  8  9 10 11 12 13 |
---------------+----------------------------------------+-----
Short Blades   | 1 4 7 8 |  8.0
Hexes          | 3 4 5 6 7 8 9 |  9.7
Spellcasting   | 3 4 5 6 8 9 10 | 10.0
Stealth        | 3 5 8 9 |  9.6
Evocations     | 1 2 3 |  3.0
Fighting       | 3 6 9 |  9.5
Dodging        | 2 4 6 |  6.9

Action                   |  1- 3 |  4- 6 |  7- 9 | 10-12 | 13-15 || total
-------------------------+-------+-------+-------+-------+-------++-------
Melee: Dagger            |   211 |   257 |   490 |   369 |    35 ||  1362
       Rapier            |       |       |    93 |       |       ||    93
       Staff             |       |       |       |    12 |       ||    12
Throw: Dart              |       |    16 |    40 |     6 |       ||    62
 Cast: Ensorcelled Hiber |     1 |    11 |    81 |   217 |    58 ||   368
       Confusing Touch   |       |    10 |    29 |    12 |       ||    51
       Tukima's Dance    |       |     3 |    12 |    47 |    15 ||    77
       Corona            |       |     1 |       |       |       ||     1
Invok: Potion Petition   |       |       |     1 |       |       ||     1
Evoke: Wand              |       |       |       |    15 |       ||    15
  Use: Potion            |       |     9 |     2 |     6 |       ||    17
       Scroll            |       |     5 |     6 |     9 |     2 ||    22
 Stab: Sleeping          |     5 |    10 |    47 |   118 |    24 ||   204
       Distracted        |     1 |       |       |     1 |       ||     2
       Confused          |       |     5 |    23 |    12 |       ||    40
  Eat: Chunk             |     2 |     7 |       |       |       ||     9
       Ration            |       |     1 |     8 |     8 |     2 ||    19
Armor: Robe              |    45 |   100 |   113 |    64 |     7 ||   329
       Skin              |       |     6 |       |    17 |       ||    23
Dodge: Dodged            |   109 |   135 |   221 |   167 |    36 ||   668

Table legend:
 A = Non-vault XP
 B = Vault XP
 C = Vault XP percentage of total XP
 D = Non-vault monster count
 E = Vault monster count
 F = Vault count percentage of total count
                 A         B        C        D         E       F
            +---------+---------+-------+---------+---------+-------
      Total |   14065 |   23177 |  62.2 |     250 |     107 |  30.0
            +---------+---------+-------+---------+---------+-------
        D:1 |      50 |      11 |  18.0 |      23 |       6 |  20.7
        D:2 |      43 |     228 |  84.1 |      20 |       6 |  23.1
        D:3 |     142 |       0 |   0.0 |      21 |       0 |   0.0
        D:4 |     607 |      50 |   7.6 |      20 |       1 |   4.8
        D:5 |     545 |     473 |  46.5 |      23 |      10 |  30.3
        D:6 |     382 |       0 |   0.0 |      17 |       0 |   0.0
        D:7 |     632 |    2914 |  82.2 |      14 |      20 |  58.8
        D:8 |    1646 |       0 |   0.0 |      18 |       0 |   0.0
        D:9 |    3995 |    2322 |  36.8 |      43 |      19 |  30.6
      Orc:1 |    1824 |    2114 |  53.7 |      10 |       8 |  44.4
      Orc:2 |    4199 |   15065 |  78.2 |      41 |      37 |  47.4
            +---------+---------+-------+---------+---------+-------
